 Dungeon Crawl Stone Soup version 0.27.1-34-g3ba077fa99 (webtiles) character file.

Game seed: 12156385006261725434

5730 alasdair19 the Blocker (level 10, -4/86 HPs)
             Began as a Minotaur Fighter on Jan 24, 2022.
             Was a Priest of Okawaru.
             Slain by a death yak (10 damage)
             ... on level 7 of the Dungeon on Jan 25, 2022.
             The game lasted 00:27:57 (9089 turns).

alasdair19 the Blocker (Minotaur Fighter)           Turns: 9089, Time: 00:27:57

Health: -4/86      AC: 14    Str: 22    XL:     10   Next: 48%
Magic:  11/11      EV: 13    Int:  6    God:    Okawaru [***...]
Gold:   194        SH: 18    Dex: 11    Spells: 9/9 levels left

rFire    . . .     SeeInvis .   e - +0 falchion
rCold    . . .     Faith    .   c - +1 kite shield
rNeg     . . .     Spirit   .   m - +0 scale mail {rPois}
rPois    +         Reflect  +   (helmet restricted)
rElec    .         Harm     .   (no cloak)
rCorr    .         Rampage  .   v - +0 pair of gloves
Will     .....                  w - +0 pair of boots
Stlth    ..........             a - amulet of reflection
HPRegen  0.24/turn              E - +4 ring of evasion
MPRegen  0.12/turn              i - +4 ring of protection

@: no status effects
A: horns 2, retaliatory headbutt
a: Renounce Religion, Heroism


You were on level 7 of the Dungeon.
You worshipped Okawaru.
Okawaru was most pleased with you.
You visited 2 branches of the dungeon, and saw 9 of its levels.
You also visited: Sewer.

You collected 737 gold pieces.
You spent 543 gold pieces at shops.

Inventory:

Hand Weapons
 e - a +0 falchion (weapon)
 l - a +0 long sword
 q - a +1 hunting sling
Missiles
 I - 15 sling bullets
Armour
 c - a +1 kite shield (worn)
 m - a +0 scale mail of poison resistance (worn)
 v - a +0 pair of gloves (worn)
 w - a +0 pair of boots (worn)
 C - a +0 chain mail
Jewellery
 a - an amulet of reflection (around neck)
 i - a +4 ring of protection (right hand)
 j - a ring of resist corrosion
 k - a +6 ring of dexterity
 t - an amulet of guardian spirit
 u - a +6 ring of dexterity
 B - a ring of protection from fire
 E - a +4 ring of evasion (left hand)
 H - a ring of willpower
Wands
 z - a wand of mindburst (16)
 A - a wand of iceblast (15)
 F - a wand of digging (2)
Scrolls
 d - 3 scrolls of vulnerability {unknown}
 f - 3 scrolls of enchant armour
 h - 2 scrolls of fog
 r - 2 scrolls of magic mapping {unknown}
 y - a scroll of noise {unknown}
 K - a scroll of torment {unknown}
Potions
 g - 6 potions of curing
 n - 2 potions of brilliance
 o - 3 potions of cancellation
 p - a potion of berserk rage {unknown}
 s - 2 potions of haste {unknown}
 x - 2 potions of flight {unknown}
 D - a potion of ambrosia {unknown}


   Skills:
 + Level 7.2 Fighting
 + Level 10.3 Long Blades
 + Level 4.2 Slings
 + Level 7.9 Armour
 - Level 0.2 Dodging
 - Level 0.1 Stealth
 + Level 10.5 Shields
 * Level 2.6 Invocations
 - Level 4.1 Evocations


You had 9 spell levels left.
You didn't know any spells.
Your spell library contained the following spells:

 Spells                   Type           Power      Damage    Failure   Level
 Foxfire                  Conj/Fire      0%         2x1d4     90%         1
 Static Discharge         Conj/Air       0%         N/A       97%         2
 Gell's Gravitas          Tloc           0%         N/A       99%         3
 Teleport Other           Tloc           0%         N/A       99%         3
 Bolt of Magma            Conj/Fire/Erth 0%         4d4       100%        5
 Lightning Bolt           Conj/Air       0%         1d11      100%        5
 Dispersal                Tloc           0%         N/A       100%        6
 Starburst                Conj/Fire      0%         6d3       100%        6
 Ignition                 Fire           0%         3d3       100%        8
 Maxwell's Capacitive Co  Air            0%         ∞         100%        8


Dungeon Overview and Level Annotations

Branches:
Dungeon (8/15)             Temple (1/1) D:6            Lair (0/6) D:8
  Sewer (visited)

Altars:
Ashenzari
Cheibriados
Dithmenos
Elyvilon
Fedhas
Gozag
Hepliaklqana
Kikubaaqudgha
Nemelex Xobeh
Okawaru
Qazlal
Ru
Sif Muna
Trog
Uskayaw
Vehumet
Wu Jian
Xom
Yredelemnul
Zin
The Shining One

Shops:
D:1 !   D:4 [*(=[   D:5 [   D:6 (


Innate Abilities, Weirdness & Mutations

You have a pair of horns on your head.
You reflexively headbutt those who attack you in melee.


Message History

The death yak is heavily wounded.
You block the death yak's attack.
You completely miss the death yak.
The death yak is heavily wounded.
The death yak gores you!
Your shield and scale mail prevent you from hitting the death yak.
The death yak is heavily wounded.
You block the death yak's attack.
You barely miss the death yak.
The death yak is heavily wounded.
The death yak gores you!
You hit the death yak.
The death yak is heavily wounded.
The death yak closely misses you. You furiously retaliate!
You headbutt the death yak! You hit the death yak.
The death yak is heavily wounded.
You hit the death yak but do no damage.
The death yak is heavily wounded.
The death yak gores you.
You hit the death yak but do no damage.
The death yak is heavily wounded.
The death yak gores you but does no damage.
You hit the death yak. You headbutt the death yak!
The death yak is severely wounded.
The death yak gores you!!
You hit the death yak but do no damage.
The death yak is severely wounded.
You block the death yak's attack.
You hit the death yak but do no damage. You headbutt the death yak.
The death yak is severely wounded.
The death yak gores you!!
* * * LOW HITPOINT WARNING * * *
You barely miss the death yak. You headbutt the death yak.
The death yak is severely wounded.
You block the death yak's attack.
You barely miss the death yak.
The death yak is severely wounded.
The death yak gores you!
You die...

### #....#######.#... ..###
#........^..)#...
....#############....############
....([......#........#
....#######.#.###.#..#
..........#...# #.#..#
....#####.##..# #.#..# ....#
#.##..###.#..## #####
#.###.##@...♣.##
#......##Y.....##
######.##.♣...♣.# #.#........##
#......>....#
##.#........########
#.>.♣...♣..........
##.......#########. #....♣..# #.


You could see a death yak.

Vanquished Creatures
  3 death yaks
  A kobold demonologist (D:6)
  A troll (D:7)
  Grinder (D:4)
  A water moccasin (D:7)
  A sky beast (D:6)
  A hornet zombie (D:6)
  4 black bears
  An ice beast (D:6)
  5 ogres
  A centaur (D:5)
  2 phantoms
  3 bullfrogs
  A kobold brigand (D:4)
  6 scorpions
  A wyvern skeleton (D:7)
  A water moccasin skeleton (D:4)
  A howler monkey (D:4)
  2 bullfrog zombies
  3 hounds
  2 jellies (D:4)
  2 orc priests
  A centaur skeleton (D:7)
  A gnoll shaman (D:7)
  8 iguanas
  A scorpion zombie (D:4)
  Ijyb (D:5)
  4 orc wizards
  A hound skeleton (D:4)
  Robin (D:4)
  11 gnolls (D:7)
  A howler monkey skeleton (D:5)
  10 adders
  A river rat (Sewer)
  3 ufetubi
  2 worms
  4 dart slugs
  16 orcs
  7 endoplasms
  5 giant cockroaches
  14 goblins
  14 hobgoblins
  6 quokkas
  11 ball pythons
  3 bats (D:1)
  12 frilled lizards
  12 kobolds
  10 rats
204 creatures vanquished.

Vanquished Creatures (others)
  A goblin (D:4)
1 creature vanquished.

Grand Total: 205 creatures vanquished

Notes
Turn   | Place    | Note
-------+----------+-------------------------------------------
     0 | D:1      | alasdair19 the Minotaur Fighter began the quest for the
                  | Orb.
     0 | D:1      | Reached XP level 1. HP: 19/19 MP: 0/0
   126 | D:1      | Reached XP level 2. HP: 27/27 MP: 1/1
   196 | D:1      | Found Ciczefo's Distillery.
   203 | D:1      | Bought a potion of curing for 33 gold pieces
   384 | D:1      | Reached XP level 3. HP: 33/33 MP: 2/2
  1563 | D:2      | Reached XP level 4. HP: 40/40 MP: 3/3
  2286 | D:3      | Reached XP level 5. HP: 46/46 MP: 4/4
  2756 | D:4      | Found Xith's Jewellery Emporium.
  2801 | D:4      | Reached skill level 5 in Shields
  2850 | D:4      | Noticed Robin
  2858 | D:4      | Killed Robin
  2880 | D:4      | Reached skill level 1 in Slings
  2922 | D:4      | Reached skill level 5 in Armour
  2922 | D:4      | Reached XP level 6. HP: 42/52 MP: 5/5
  2924 | D:4      | Found Yfamo's Assorted Antiques.
  2967 | D:4      | Found a white marble altar of Elyvilon.
  2970 | D:4      | Found Tapadohi's Antique Armour Shoppe.
  2996 | D:4      | Reached skill level 5 in Long Blades
  3032 | D:4      | Reached XP level 7. HP: 51/60 MP: 6/6
  3051 | D:4      | Found a glowing drain.
  3055 | Sewer    | Entered a sewer
  3823 | D:4      | Noticed Grinder
  3828 | D:4      | Killed Grinder
  3829 | D:4      | Reached skill level 5 in Fighting
  3829 | D:4      | Reached XP level 8. HP: 68/68 MP: 7/7
  4142 | D:4      | Found Jaleorr's Weapon Shoppe.
  4525 | D:4      | Found Gausot's Armour Shoppe.
  4625 | D:4      | Bought a shiny granite ring for 110 gold pieces
  4625 | D:4      | Bought a scroll of identify for 44 gold pieces
  4625 | D:4      | Bought a pair of boots for 99 gold pieces
  4625 | D:4      | Bought a purple potion for 19 gold pieces
  4671 | D:4      | Bought a pair of gloves for 121 gold pieces
  5069 | D:5      | Entered Level 5 of the Dungeon
  5404 | D:5      | Reached skill level 1 in Evocations
  5430 | D:5      | Identified the +0 ring mail "Liliguq" {Int+6 Dex-2}
  5659 | D:5      | Noticed Ijyb
  5679 | D:5      | Killed Ijyb
  5938 | D:5      | Got the Tome of Ignition
  5998 | D:5      | Reached XP level 9. HP: 74/74 MP: 8/8
  6190 | D:5      | Found Biblixul's Armour Shoppe.
  6351 | D:6      | Noticed a kobold demonologist
  6357 | D:6      | Noticed a sun demon
  6373 | D:6      | Noticed a red devil
  6374 | D:6      | Killed a kobold demonologist
  6908 | D:6      | Found Locrupno's Firing Range.
  6920 | D:6      | Bought 18 sling bullets for 117 gold pieces
  7133 | D:6      | Found a staircase to the Ecumenical Temple.
  7139 | Temple   | Entered the Ecumenical Temple
  7169 | Temple   | Became a worshipper of Warmaster Okawaru
  7568 | D:7      | Reached * piety under Okawaru
  7759 | D:7      | Noticed a troll
  7782 | D:7      | Killed a troll
  7909 | D:8      | Found a staircase to the Lair.
  7909 | D:8      | Noticed a death yak
  7909 | D:8      | Noticed a death yak
  7909 | D:8      | Noticed a death yak
  7909 | D:8      | Noticed a death yak
  7913 | D:8      | Reached XP level 10. HP: 84/84 MP: 6/9
  7943 | D:8      | Killed a death yak
  7943 | D:8      | Reached ** piety under Okawaru
  7944 | D:8      | Reached skill level 10 in Long Blades
  7944 | D:8      | Reached skill level 1 in Invocations
  7976 | D:7      | HP: 4/84 [death yak (6)]
  8344 | D:7      | Killed a death yak
  8345 | D:7      | Reached skill level 10 in Shields
  8700 | D:8      | Killed a death yak
  8700 | D:8      | Reached *** piety under Okawaru
  8720 | D:7      | HP: 2/86 [death yak (8)]
  9089 | D:7      | Slain by a death yak

Illustrated notes

Levels and vault maps discovered:
D:1:      heliophobic_arrival_henge, layout_loops_ring, serial_shops, shop,
          minmay_misc_feat_diagonals
D:2:      layout_basic
D:3:      layout_rooms, minmay_misc_feat_alley, kennysheep_generic_room_12
D:4:      minmay_polygon_palace, layout_layer_cave, elyvilon_altar_4,
          serial_shops, shop_statue, nicolae_shop_behind_doors, shop, shop,
          shop, gup_sewer_entry_bowl, uniq_grinder, uniq_crazy_yiuf_cottage,
          uniq_robin
D:5:      layout_gridville, serial_shops, kennysheep_little_box, uniq_ijyb
D:6:      layout_basic, minmay_temple_entry_fiery, serial_glass,
          glass_columns_a, glass_columns_a, glass_columns_b, glass_columns_a,
          glass_columns_a, nicolae_shop_firing_range
D:7:      layout_basic, grunt_ministairs_2, minmay_misc_feat_more_columns
D:8:      layout_loops_ring, dpeg_lair_monsters, uniq_erica
Temple:   dpeg_three_leaves_temple

Skill      XL: |  1  2  3  4  5  6  7  8  9 10 |
---------------+-------------------------------+-----
Armour         | 4 5 6 7 |  7.9
Fighting       | 4 5 6 7 |  7.2
Shields        | 4 5 7 8 9 10 | 10.5
Long Blades    | 3 4 5 7 8 9 10 | 10.3
Slings         | 1 2 4 |  4.2
Evocations     | 2 4 |  4.1
Invocations    | 2 |  2.6
Dodging        | |  0.2
Stealth        | |  0.1

Action                   |  1- 3 |  4- 6 |  7- 9 | 10-12 || total
-------------------------+-------+-------+-------+-------++-------
Melee: Long sword        |   104 |    95 |    48 |       ||   247
       Headbutt          |    12 |    28 |   105 |    48 ||   193
       Falchion          |       |       |   366 |   141 ||   507
 Fire: Hunting sling     |       |     3 |    45 |       ||    48
Throw: Throwing net      |       |     1 |     1 |       ||     2
Invok: Heroism           |       |       |     1 |     1 ||     2
  Use: Scroll            |       |     7 |     2 |     2 ||    11
       Potion            |       |       |     3 |     1 ||     4
Armor: Scale mail        |    42 |    33 |    75 |    10 ||   160
Dodge: Dodged            |    36 |    28 |    98 |    20 ||   182
Block: Kite shield       |    50 |    89 |   334 |    66 ||   539
       Reflection        |       |     7 |     4 |       ||    11
       Rpst.: Long sword |     5 |     6 |     3 |       ||    14
       Falchion          |       |       |    23 |     5 ||    28
